 Dungeon Crawl Stone Soup version 0.18-a0-1800-gdc7a371 (webtiles) character file.

5 4thArraOfDagon the Sneak (level 1, 0/9 HPs)
             Began as a Spriggan Air Elementalist on Apr 24, 2016.
             Slain by a giant cockroach (2 damage)
             ... on level 3 of the Dungeon.
             The game lasted 00:02:38 (297 turns).

4thArraOfDagon the Sneak (Spriggan Air Elementalist) Turns: 297, Time: 00:02:39

Health: 0/9        AC:  2    Str:  2 (4)  XL:     1   Next: 66%
Magic:  5/5        EV: 17    Int: 15 (16) God:
Gold:   27         SH:  0    Dex: 13 (16) Spells: 1 memorised, 4 levels left

rFire  . . .     SeeInvis +     e - +0 short sword
rCold  . . .     Gourm    .     a - +0 robe
rNeg   . . .     Faith    .     (shield restricted)
rPois  .         Spirit   .     (helmet restricted)
rElec  .         Dismiss  .     (no cloak)
rCorr  .         Reflect  .     (gloves unavailable)
SustAt .         Harm     .     (boots unavailable)
MR     .....                    (no amulet)
Stlth  ++........               (no ring)
                                (no ring)

@: very quick, not resistant to hostile enchantments, unstealthy
A: unfitting armour, see invisible, herbivore 3, speed 3, slow metabolism 2
a: no special abilities


You were on level 3 of the Dungeon.
You were not hungry.

You visited 1 branch of the dungeon, and saw 4 of its levels.

You collected 27 gold pieces.

Inventory:

Hand Weapons
 e - a +0 short sword (weapon)
Armour
 a - a +0 robe (worn)
Wands
 d - a wand of teleportation (5/9)
Scrolls
 f - 2 scrolls of teleportation {unknown}
 g - 2 scrolls of magic mapping {unknown}
Books
 b - a book of Air

   Spells                             Type                      Level
   a - Shock                          Conjuration/Air              1
   b - Swiftness                      Charms/Air                   2
   c - Repel Missiles                 Charms/Air                   2
   d - Static Discharge               Conjuration/Air              3
   e - Lightning Bolt                 Conjuration/Air              5
Comestibles
 c - 2 bread rations


   Skills:
 + Level 1.0 Short Blades
 - Level 3.0 Dodging
 * Level 3.3 Stealth
 - Level 2.6 Spellcasting
 - Level 0.6 Conjurations
 - Level 2.6 Air Magic


You had 4 spell levels left.
You knew the following spells:

 Your Spells              Type           Power        Failure   Level  Hunger
a - Shock                 Conj/Air       #...         12%         1    #......


Dungeon Overview and Level Annotations

Branches:
Dungeon (4/15)
 Temple: D:4-7

Altars:
Ashenzari

Annotations:
D:2 Terence
D:4 Grinder


Innate Abilities, Weirdness & Mutations

You are tiny and cannot use many weapons and most armour.
You have supernaturally acute eyesight.
You are a herbivore.
You cover ground extremely quickly.
You need consume almost no food.


Message History

Unknown command.
A giant newt comes into view.
A rat comes into view.
Found a scroll labeled XAUKYE HULIROL and a twisted gold wand.
Unknown command.
Found a stone staircase leading up.
Unknown command.
The helpless giant cockroach fails to defend itself.
You hit the giant cockroach.
The giant cockroach is almost dead.
The giant cockroach closely misses you. The giant cockroach misses you.
Unknown command.
Unknown command.
Unknown command.
You see here a scroll labeled XAUKYE HULIROL.
g - 2 scrolls labeled XAUKYE HULIROL (gained 1)
You see here a twisted gold wand.
d - a wand of teleportation The giant cockroach bites you.
You die...

###### #....#
#....#####
########.@.......
.........s..#####
..######.S.......
#......#l########
##..K# # #...## .
##..##### ### #
#..K.KS.### ##..# #
#......#####.K.####..#
#


You could see an adder, a giant cockroach, 2 kobolds and a giant newt.

Vanquished Creatures
  2 bats
  A goblin (D:2)
  A kobold (D:2)
  2 rats (D:2)
6 creatures vanquished.

Notes
Turn   | Place    | Note
--------------------------------------------------------------
     0 | D:1      | 4thArraOfDagon the Spriggan Air Elementalist began the quest for the Orb.
     0 | D:1      | Reached XP level 1. HP: 9/9 MP: 5/5
     0 | D:1      | pedritolo: you should try a gozag vamp :)
     0 | D:1      | pedritolo: had great fun playing one, once
     0 | D:1      | 4thArraOfDagon: vampire?
     0 | D:1      | pedritolo: yup - perma-bloodless
     0 | D:1      | 4thArraOfDagon: o
     8 | D:1      | 4thArraOfDagon: how would you regen then
     9 | D:1      | pedritolo: surprisingly easy
    38 | D:1      | pedritolo: you gain from stabbing
   120 | D:2      | Found a shattered altar of Ashenzari.
   124 | D:2      | Noticed Terence
   201 | D:3      | Reached skill level 1 in Short Blades
   229 | D:4      | Noticed Grinder
   247 | D:3      | pedritolo: defenitely not for a speedrun, it took me nearly 400k turns :)
   297 | D:3      | Slain by a giant cockroach

Vault maps used:
D:1:      noname_arrival_rooms_in_the_neighbourhood, serial_co_window_serial,
          co_window_of_opportunity_a, co_window_corner_a,
          co_window_of_opportunity_a, co_window_corner_a, co_window_corner_a,
          co_window_unsneaky_path_b, co_window_of_opportunity_b,
          co_window_broadway_b, glass_columns_c, glass_columns_a,
          glass_columns_b, glass_columns_a
D:2:      first_bread, evilmike_ruin_ashenzari, uniq_terence
D:3:      lemuel_round_altar
D:4:      minmay_goblin_kobold_castle, minmay_overflow_temple_hex,
          okawaru_trees_1, uniq_edmund, uniq_grinder, uniq_robin

Skill      XL: |  1 |
---------------+----+-----
Short Blades   | 1 |  1.0
Dodging        | |  3.0
Stealth        | |  3.3
Spellcasting   | |  2.6
Conjurations   | |  0.6
Air Magic      | |  2.6

Action                   || total
-------------------------++-------
Melee: Short sword       ||    32
  Use: Potion            ||     1
 Stab: Sleeping          ||     2
Armor: Robe              ||     5
Dodge: Dodged            ||    49
